 Dungeon Crawl Stone Soup version 0.28-a0-1182-g381e24db82 (webtiles) character file.

Game seed: 12873687570417954518

29 mainiacjoe the Ducker (level 3, -2/23 HPs)
             Began as an Octopode Wanderer on Dec 16, 2021.
             Slain by Crazy Yiuf (5 damage)
             ... on level 2 of the Dungeon.
             The game lasted 00:02:37 (1129 turns).

mainiacjoe the Ducker (Octopode Wanderer)           Turns: 1129, Time: 00:02:37

Health: -2/23      AC:  1    Str: 10    XL:     3   Next: 16%
Magic:  4/4        EV: 15    Int: 14    God:
Gold:   54         SH:  0    Dex: 14    Spells: 3/4 levels left

rFire   . . .      SeeInvis .   h - +3 dagger (venom)
rCold   . . .      Faith    .   (no shield)
rNeg    . . .      Spirit   .   d - +0 hat
rPois   .          Reflect  .   (no amulet)
rElec   .          Harm     .   (no ring)
rCorr   .          Rampage  .   (no ring)
Will    .....                   (no ring)
Stlth   +++.......              (no ring)
HPRegen 0.07/turn               (no ring)
MPRegen 0.09/turn               (no ring)
                                (no ring)
                                (no ring)

@: no status effects
A: almost no armour, amphibious, 8 rings, camouflage 1, gelatinous body 1,
(nimble swimmer 1), tentacles
a: no special abilities


You were on level 2 of the Dungeon.
You visited 1 branch of the dungeon, and saw 2 of its levels.

You collected 54 gold pieces.

Inventory:

Hand Weapons
 a - a +0 dagger
 h - a +3 dagger of venom (weapon)
Missiles
 b - 2 throwing nets {=F}
 i - 21 bolts
 k - 16 stones
Armour
 d - a +0 hat (worn)
Magical Staves
 l - a staff of conjuration
Scrolls
 c - a scroll of fog
 e - a scroll of holy word {unknown}
 f - a scroll of silence {unknown}
Potions
 g - a potion of attraction {unknown}
 j - 2 potions of heal wounds {unknown}


   Skills:
 - Level 1.1 Fighting
 + Level 1.1 Short Blades
 - Level 5.0 Dodging
 - Level 2.7 Stealth
 - Level 1.0 Spellcasting
 - Level 3.0 Translocations
 - Level 1.0 Invocations


You had 3 spell levels left.
You knew the following spells:

 Your Spells              Type           Power      Damage    Failure   Level
a - Apportation           Tloc           18%        N/A       8%          1

Your spell library contained the following spells:

 Spells                   Type           Power      Damage    Failure   Level
 Portal Projectile        Hex/Tloc       8%         N/A       38%         3


Dungeon Overview and Level Annotations

Branches:
Dungeon (2/15)

Altars:

Annotations:
D:2 Crazy Yiuf


Innate Abilities, Weirdness & Mutations

You cannot wear most types of armour.
You are amphibious.
You can wear up to eight rings at the same time.
Your skin changes colour to match your surroundings (Stealth+).
Your rubbery body absorbs attacks. (AC +1, EV +1)
((You are camouflaged near water. (Stealth+)))
You have tentacles for arms and can constrict up to eight enemies at once.


Message History

No target in view!
HP restored.
Things that are here:
a +0 club; a goblin corpse You open the door.
There is an open door here.
A bat comes into view.
A giant cockroach comes into view.
Found a short sword.
The helpless bat fails to defend itself.
You puncture the bat!
You kill the bat!
You hit the giant cockroach but do no damage.
You grab the giant cockroach. You constrict the giant cockroach.
The giant cockroach barely misses you.
You hit the giant cockroach.
You kill the giant cockroach!
No target in view!
Found a mace.
Found three maces and a runed mace.
Found two maces.
You see here a +0 mace.
You see here a +0 mace.
You see here a +0 mace.
You see here a +0 vorpal mace.
Found four maces.
Found a runed translucent door.
You see here a +0 mace.
You open the door.
There is an open translucent door here.
You see here a +0 mace.
The helpless Crazy Yiuf fails to defend himself.
You puncture Crazy Yiuf!
Crazy Yiuf is poisoned.
Your grab misses Crazy Yiuf. Your squeeze misses Crazy Yiuf.
Crazy Yiuf is severely wounded.
Crazy Yiuf grits, "Cards!"
Crazy Yiuf hits you with a +4 quarterstaff of chaos!!
Ouch! That really hurt!
* * * LOW HITPOINT WARNING * * *
Crazy Yiuf freezes you.
You die...

#........
#####
#.......#
#.g)#
#.......##.#
#.@)#
#.......##.#
#.).#
#.......##.#
##'##
#.......##.#
♣♣.♣
#.......##.#
♣)♣♣
#####..###.#
♣♣.♣
#........#.#
♣.♣♣
#........'..
♣♣.♣♣
#........#.#
♣)PP♣♣
#..####+##)#


You could see Crazy Yiuf (very poisoned).

Vanquished Creatures
  2 dart slugs (D:1)
  5 ball pythons (D:1)
  3 bats
  An endoplasm (D:1)
  2 giant cockroaches
  2 goblins
  3 hobgoblins (D:1)
  A quokka (D:1)
  A frilled lizard (D:1)
  2 kobolds (D:1)
  2 rats (D:1)
24 creatures vanquished.

Notes
Turn   | Place    | Note
-------+----------+-------------------------------------------
     0 | D:1      | mainiacjoe the Octopode Wanderer began the quest for the
                  | Orb.
     0 | D:1      | mainiacjoe set off with the following items: a +0 dagger, 2
                  | throwing nets {=F}, a scroll of fog, a +0 hat; and the
                  | following spell memorised: Apportation; and the following
                  | spells available to memorise: Portal Projectile
     0 | D:1      | Reached XP level 1. HP: 11/11 MP: 2/2
    43 | D:1      | Reached skill level 1 in Stealth
   172 | D:1      | Reached XP level 2. HP: 18/18 MP: 3/3
   425 | D:1      | Reached skill level 1 in Fighting
   754 | D:1      | Reached XP level 3. HP: 23/23 MP: 4/4
   795 | D:1      | Reached skill level 1 in Short Blades
  1121 | D:2      | Found a runed translucent door.
  1122 | D:2      | Noticed Crazy Yiuf
  1129 | D:2      | Slain by Crazy Yiuf

Illustrated notes

Levels and vault maps discovered:
D:1:      dpeg_arrival_radiant, layout_basic, bh_walls_and_bars
D:2:      layout_basic, basic_altar, uniq_crazy_yiuf_cottage

Skill      XL: |  1  2  3 |
---------------+----------+-----
Stealth        | 1 2 |  2.7
Fighting       | 1 |  1.1
Short Blades   | 1 |  1.1
Dodging        | |  5.0
Spellcasting   | |  1.0
Translocations | |  3.0
Invocations    | |  1.0

Action                   || total
-------------------------++-------
Melee: Dagger            ||    38
       Constrict         ||    10
       Tentacles         ||     7
 Stab: Sleeping          ||    12
       Distracted        ||     1
Armor: Skin              ||     2
Dodge: Dodged            ||    18

Table legend: (Time is in decaauts)
 A = Elapsed time spent in this place.
 B = Non-inter-level travel time spent in this place.
 C = Inter-level travel time spent in this place.
 D = Time resting spent in this place.
 E = Time spent auto-exploring this place.
 F = Levels seen in this place.
 G = Mean time per level.
                   A        B        C        D        E       F      G
               +--------+--------+--------+--------+--------+-----+--------+
         Total |   1128 |   1101 |     27 |      0 |    920 |   2 |  564.0 |
       Dungeon |   1128 |   1101 |     27 |      0 |    920 |   2 |  564.0 |
               +--------+--------+--------+--------+--------+-----+--------+

Top non-repeatable levels by time:
     D:1: 984 daAuts
     D:2: 143 daAuts
